 Dungeon Sprint DCSS version 0.19.1 (webtiles) character file.

6865 dvd the Cleaver (level 10, -2/81 (82) HPs)
             Began as a Demonspawn Berserker on Dec 22, 2016.
             Was the Champion of Trog.
             Slain by an unseen horror (6 damage)
             ... in the Dungeon (Sprint I: "Red Sonja") on Dec 23, 2016.
             The game lasted 00:11:02 (1669 turns).

dvd the Cleaver (Demonspawn Berserker)              Turns: 1669, Time: 00:11:04

HP:   -2/81 (82)    AC: 11    Str: 18      XL:     10   Next: 78%
MP:   11/11         EV: 15    Int: 12      God:    Trog [******]
Gold: 206           SH:  0    Dex: 10 (11) Spells: 0 memorised, 9 levels left

rFire  . . .     SeeInvis .     o - +2 executioner's axe (freeze)
rCold  + + .     Gourm    .     h - +0 ring mail of Claustrophobia {rC+ MR+++ Stlth+}
rNeg   . . .     Faith    .     (shield currently unavailable)
rPois  .         Spirit   .     c - +0 helmet {Int+3}
rElec  .         Reflect  .     (no cloak)
rCorr  .         Harm     .     d - +0 pair of gloves {archery}
MR     +++..     NoTele   +     (boots unavailable)
Stlth  ++........               (no amulet)
                                (no ring)
                                (no ring)

@: starving
A: hooves 3, slimy green scales 1, blurry vision 1, clumsy 1, cold resistance 1,
demonic guardian 1, deterioration 1, frail 1, high mp 1, weak 1, evolution 1,
freezing cloud immunity
a: Berserk, Trog's Hand, Brothers in Arms, Burn Spellbooks, Renounce Religion


You were in the Dungeon.
You worshipped Trog.
Trog was exalted by your worship.
You were starving.

You visited 1 branch You collected 1046 gold pieces.
You spent 840 gold pieces at shops.

Inventory:

Hand Weapons
 m - a +0 war axe
 n - a +1 halberd of venom
 o - a +2 executioner's axe of freezing (weapon)
Armour
 b - a +0 animal skin
 c - a +0 helmet of intelligence (worn)
 d - a +0 pair of gloves of archery (worn)
 h - the +0 ring mail of Claustrophobia (worn) {rC+ MR+++ Stlth+}
   (You bought it in a shop in the Dungeon)

   It protects you from cold.
   It affects your resistance to hostile enchantments.
   It makes you more stealthy.
 k - a +0 buckler
Wands
 a - a wand of confusion (16/48)
Scrolls
 i - a scroll of blinking
 l - a scroll of magic mapping {unknown}
Potions
 e - a potion of mutation {unknown}
 f - a potion of haste
 g - 2 potions of magic
 j - a potion of curing


   Skills:
 + Level 13.0 Fighting
 + Level 14.7(14.8) Axes
 + Level 2.9(10.2) Polearms
 + Level 9.2 Armour
 + Level 9.3 Dodging
 + Level 3.3 Stealth
 + Level 5.9 Shields


You had 9 spell levels left.
You didn't know any spells.

Dungeon Overview and Level Annotations

Branches:
Dungeon (1/1)

Altars:
Cheibriados
Dithmenos
Elyvilon
Fedhas
Gozag
Hepliaklqana
Kikubaaqudgha
Makhleb
Nemelex Xobeh
Okawaru
Qazlal
Ru
Sif Muna
Trog
Uskayaw
Vehumet
Xom
Yredelemnul
Zin
The Shining One
Jiyva
Lugonu

Shops:
D **:[(*[


Innate Abilities, Weirdness & Mutations

You have hooves in place of feet.
You are partially covered in slimy green scales. (AC +2)
Your flesh is cold resistant. (rC+)
A weak demonic guardian rushes to your aid.
You are immune to freezing clouds.
Scrolls take you a little longer to read.
You are clumsy. (Dex -2)
Your body sometimes deteriorates upon taking damage.
You are frail. (-10% HP)
You have an increased reservoir of magic. (+10% MP)
You are weak. (Str -2)
You evolve.


Message History

The necrophage is severely damaged.
You closely miss the necrophage. Something hits you!
* * * LOW HITPOINT WARNING * * *
Your body deteriorates!
You feel clumsy. Something hits you but does no damage. Something hits you.
* * * LOW HITPOINT WARNING * * *
The necrophage misses you. x2; The necrophage closely misses you.
You hit the necrophage but do no damage.
Your kick misses the necrophage.
The necrophage is severely damaged.
You slash something! You freeze something. You slash the necrophage!
You freeze the necrophage. Something hits you.
* * * LOW HITPOINT WARNING * * *
Something hits you.
* * * LOW HITPOINT WARNING * * *
The necrophage hits you but does no damage.
Something hits you!
* * * LOW HITPOINT WARNING * * *
The necrophage barely misses you. x2; Something hits you.
You die...

############.####'###.###†#
#∩........'...'[....'[∩##.#
###''''####...###########.#
#.......####.###.....§ ##.#
#........#.#'#.#...§. §§#
#..#.....#.....#+..######§#
#........#.).).#.....§§§#§#
#.....#..#######n)...§§#†§#
#........##?()n@{{...§§####
#..#.....##?)=.......§≈#
#........###.......≈≈≈##
###''''### ###..≈≈≈≈###
#∩......∩# +######+
#........# #∩......∩#
##########


You could see 2 necrophages.

Vanquished Creatures
  2 centaur warriors (D)
  Sonja (D)
  A deep troll (D)
  An oklob plant (D)
  3 shining eyes (D)
  A slime creature (D)
  A hornet (D)
  Sigmund (D)
  A yak (D)
  2 redbacks (D)
  A floating eye (D)
  5 necrophages (D)
  An ogre (D)
  8 jellies (D)
  Ijyb (D)
  A ballistomycete (D)
31 creatures vanquished.

Vanquished Creatures (collateral kills)
  5 shining eyes (D)
  4 floating eyes (D)
9 creatures vanquished.

Vanquished Creatures (others)
  4 hornets (D)
  2 ballistomycete spores (D)
6 creatures vanquished.

Grand Total: 46 creatures vanquished

Notes
Turn   | Place    | Note
-------+----------+-------------------------------------------
     0 | D        | dvd the Demonspawn Berserker began the quest for the Orb.
     0 | D        | Reached XP level 1. HP: 18/18 MP: 1/1
     1 | D        | Noticed Ijyb
    28 | D        | Killed Ijyb
    28 | D        | Reached skill level 4 in Axes
    28 | D        | Gained mutation: A weak demonic guardian rushes to your aid. [demonic ancestry]
    28 | D        | Reached XP level 2. HP: 12/26 MP: 2/2
   194 | D        | Noticed an ogre
   202 | D        | Killed an ogre
   202 | D        | Reached skill level 6 in Axes
   202 | D        | Gained mutation: You have large cloven feet. [demonic ancestry]
   202 | D        | Reached XP level 3. HP: 34/34 MP: 3/3
   202 | D        | Gained mutation: You are partially covered in slimy green scales. (AC +2) [demonic ancestry]
   202 | D        | Reached XP level 4. HP: 40/40 MP: 4/4
   268 | D        | Noticed Sigmund
   276 | D        | Killed Sigmund
   276 | D        | Reached ** piety under Trog
   276 | D        | Reached skill level 7 in Axes
   276 | D        | Gained mutation: Your flesh is cold resistant. (rC+) [demonic ancestry]
   276 | D        | Reached XP level 5. HP: 43/48 MP: 5/5
   307 | D        | Found a deep blue altar of Sif Muna.
   309 | D        | Found a radiant altar of Vehumet.
   376 | D        | Found Looptoj's Antique Armour Emporium.
   376 | D        | Found an ancient bone altar of Kikubaaqudgha.
   376 | D        | Found a hazy altar of Hepliaklqana.
   376 | D        | Found a stormy altar of Qazlal.
   376 | D        | Found a hide-covered altar of Uskayaw.
   376 | D        | Found a blossoming altar of Fedhas.
   376 | D        | Found a bloodstained altar of Trog.
   376 | D        | Found an iron altar of Okawaru.
   376 | D        | Found a basalt altar of Yredelemnul.
   376 | D        | Found a glowing golden altar of the Shining One.
   376 | D        | Found a snail-covered altar of Cheibriados.
   376 | D        | Found a sacrificial altar of Ru.
   376 | D        | Found a glowing silver altar of Zin.
   376 | D        | Found a shadowy altar of Dithmenos.
   376 | D        | Found a white marble altar of Elyvilon.
   376 | D        | Noticed a yak
   382 | D        | Killed a yak
   382 | D        | Reached skill level 8 in Axes
   382 | D        | Reached skill level 5 in Dodging
   382 | D        | Reached XP level 6. HP: 57/57 MP: 6/6
   383 | D        | Found an opulent altar of Gozag.
   384 | D        | Found a sparkling altar of Nemelex Xobeh.
   388 | D        | Bought a dazzling ring mail for 252 gold pieces
   398 | D        | Identified the cursed +0 ring mail of Claustrophobia {rC+ MR+++ Stlth+} (You bought it in a shop in the Dungeon)
   434 | D        | Found a viscous altar of Jiyva.
   434 | D        | Found a corrupted altar of Lugonu.
   434 | D        | Noticed a slime creature
   435 | D        | Found a burning altar of Makhleb.
   435 | D        | Found a shimmering altar of Xom.
   443 | D        | Killed a slime creature
   443 | D        | Reached *** piety under Trog
   443 | D        | Reached skill level 9 in Axes
   443 | D        | Gained mutation: You have hoof-like feet. [demonic ancestry]
   443 | D        | Reached XP level 7. HP: 64/64 MP: 7/7
   516 | D        | Noticed Sonja
   544 | D        | Killed Sonja
   544 | D        | Reached **** piety under Trog
   544 | D        | Reached skill level 10 in Fighting
   544 | D        | Reached skill level 10 in Axes
   544 | D        | Reached skill level 5 in Armour
   544 | D        | Reached XP level 8. HP: 14/72 MP: 8/8
   547 | D        | Killed a hornet
   547 | D        | Killed a hornet
   851 | D        | Noticed a deep troll
   863 | D        | Killed a deep troll
   863 | D        | Reached skill level 11 in Axes
   875 | D        | Found Heesie's Armour Emporium.
   991 | D        | Bought a pair of embroidered gloves for 294 gold pieces
  1201 | D        | Killed a hornet
  1245 | D        | Noticed a centaur warrior
  1246 | D        | Noticed a centaur warrior
  1253 | D        | Killed a centaur warrior
  1253 | D        | Reached ***** piety under Trog
  1253 | D        | Reached skill level 12 in Axes
  1253 | D        | Gained mutation: You have hooves in place of feet. [demonic ancestry]
  1253 | D        | Reached XP level 9. HP: 81/81 MP: 9/9
  1257 | D        | Killed a centaur warrior
  1366 | D        | Found Faesuun's Assorted Antiques.
  1473 | D        | Bought a shiny helmet for 294 gold pieces
  1493 | D        | Noticed a shining eye
  1493 | D        | Noticed a shining eye
  1493 | D        | Noticed a shining eye
  1493 | D        | Noticed a shining eye
  1493 | D        | Noticed a shining eye
  1493 | D        | Noticed a shining eye
  1494 | D        | Gained mutation: Your body sometimes deteriorates upon taking damage. [a shining eye]
  1495 | D        | Paralysed by a floating eye for 3 turns
  1495 | D        | Gained mutation: You are weak. (Str -2) [a shining eye]
  1497 | D        | Gained mutation: You evolve. [a shining eye]
  1498 | D        | Gained mutation: You are frail. (-10% HP) [a shining eye]
  1500 | D        | Gained mutation: You are agile. (Dex +2) [a shining eye]
  1502 | D        | Paralysed by a floating eye for 4 turns
  1502 | D        | Lost mutation: You are agile. (Dex +2) [a shining eye]
  1504 | D        | Reached skill level 1 in Stealth
  1504 | D        | Gained mutation: You have an increased reservoir of magic. (+10% MP) [a shining eye]
  1504 | D        | Gained mutation: You are clumsy. (Dex -2) [a shining eye]
  1506 | D        | Killed a shining eye
  1506 | D        | Reached skill level 13 in Axes
  1507 | D        | Gained mutation: Scrolls take you a little longer to read. [a shining eye]
  1509 | D        | Killed a shining eye
  1509 | D        | Gained mutation: You are immune to freezing clouds. [demonic ancestry]
  1509 | D        | Reached XP level 10. HP: 80/80 MP: 11/11
  1510 | D        | Killed a shining eye
  1510 | D        | Reached skill level 5 in Shields
  1512 | D        | Lost mutation: You are weak. (Str -2) [a shining eye]
  1513 | D        | Killed a shining eye
  1514 | D        | Killed a shining eye
  1514 | D        | Killed a shining eye
  1515 | D        | Noticed a shining eye
  1515 | D        | Noticed a shining eye
  1517 | D        | Reached ****** piety under Trog
  1517 | D        | Reached skill level 14 in Axes
  1518 | D        | Gained mutation: You are weak. (Str -2) [a shining eye]
  1524 | D        | Killed a shining eye
  1527 | D        | Killed a shining eye
  1527 | D        | Received a gift from Trog
  1543 | D        | Found Lesom's Assorted Antiques.
  1543 | D        | Found Tekk's Weapon Shop.
  1543 | D        | Found Koyv's Book Emporium.
  1543 | D        | Found Okhlydeg's Assorted Antiques.
  1588 | D        | Noticed an oklob plant
  1593 | D        | Killed an oklob plant
  1600 | D        | Reached skill level 1 in Polearms
  1635 | D        | Received a gift from Trog
  1660 | D        | Received a gift from Trog
  1669 | D        | HP: 4/81 [something (10)]
  1669 | D        | Slain by an unseen horror

Skill      XL: |  1  2  3  4  5  6  7  8  9 10 |
---------------+-------------------------------+-----
Fighting       | 4 6 7 8 9 10 11 12 13 | 13.0
Axes           | 4 6 7 8 9 10 12 13 14 | 14.7
Armour         | 2 3 4 5 7 8 9 |  9.2
Dodging        | 2 3 4 5 6 7 8 9 |  9.3
Shields        | 2 3 4 5 |  5.9
Stealth        | 1 3 |  3.3
Polearms       | 2 |  2.9

Action                   |  1- 3 |  4- 6 |  7- 9 | 10-12 || total
-------------------------+-------+-------+-------+-------++-------
Melee: Hand axe          |    33 |    22 |    37 |       ||    92
       Kick              |       |     7 |    20 |    15 ||    42
       War axe           |       |       |    19 |    10 ||    29
       Executioner's axe |       |       |       |    21 ||    21
       Halberd           |       |       |       |    15 ||    15
Invok: Berserk           |     1 |     1 |     3 |     1 ||     6
       Burn Spellbooks   |       |       |     2 |       ||     2
       Trog's Hand       |       |       |     2 |       ||     2
       Brothers in Arms  |       |       |     1 |       ||     1
  Use: Potion            |       |     1 |     3 |     1 ||     5
       Scroll            |       |       |     1 |       ||     1
 Stab: Distracted        |       |       |       |     2 ||     2
       Sleeping          |       |       |       |     2 ||     2
  Eat: Chunk             |       |       |     3 |       ||     3
       Bread ration      |       |       |     1 |       ||     1
Armor: Animal skin       |     2 |       |       |       ||     2
       Ring mail         |       |     1 |    26 |    29 ||    56
Dodge: Dodged            |    18 |     8 |    19 |    32 ||    77
Block: Buckler           |       |     2 |    15 |       ||    17
